 Dungeon Crawl Stone Soup version 0.29.1-1-gd02db6906a (webtiles) character file.

Game seed: 4087935713521952097

10606 Gabide the Fighter (level 11, -1/101 HPs)
             Began as a Palentonga Monk on Oct 2, 2022.
             Was a Plaything of Xom.
             Slain by an orc warrior
             ... wielding a +0 halberd
              (18 damage)
             ... on level 8 of the Dungeon on Oct 3, 2022.
             The game lasted 00:26:13 (13702 turns).

Gabide the Fighter (Palentonga Monk)               Turns: 13702, Time: 00:26:14

Health: -1/101     AC: 17    Str: 26    XL:     11   Next: 38%
Magic:  11/11      EV: 12    Int: 11    God:    Xom [......]
Gold:   529        SH:  0    Dex: 13    Spells: 10/10 levels left

rFire   . . .      SeeInvis +     - Unarmed
rCold   . . .      Faith    .   (no shield)
rNeg    . . .      Spirit   .   G - +1 robe {Will+}
rPois   +          Reflect  .   w - +1 helmet
rElec   .          Harm     .   x - +2 cloak {Stlth+}
rCorr   .          Rampage  .   (no gloves)
Will    +....                   (no barding)
Stlth   +++.......              e - amulet of magic regeneration
HPRegen 0.26/turn               i - ring of poison resistance
MPRegen 0.52/turn               t - +6 ring of strength

@: curled up
A: large, rugged brown scales 3, see invisible, deformed body, roll 1, armoured
tail, reflexive curl
a: Rolling Charge, Renounce Religion


You were on level 8 of the Dungeon.
You worshipped Xom.
You were a very special plaything of Xom.
You visited 2 branches of the dungeon, and saw 9 of its levels.
You also visited: Sewer and Bailey.

You collected 529 gold pieces.

Inventory:

Missiles
 c - 29 poisoned darts
 A - 6 curare-tipped darts
 E - a throwing net
Armour
 w - a +1 helmet (worn)
 x - a +2 cloak of stealth (worn)
 D - +0 steam dragon scales
 G - a +1 robe of willpower (worn)
 H - a +2 buckler of fire resistance
Jewellery
 e - an amulet of magic regeneration (around neck)
 i - a ring of poison resistance (left hand)
 t - a +6 ring of strength (right hand)
 u - the ring "Yzuonine" {rPois rF- rN+ MP-9 Dex+6}
   (You found it in a bailey)

   [ring of positive energy]

   Dex:       It affects your dexterity (+6).
   rF:        It makes you vulnerable to fire.
   rPois:     It protects you from poison.
   rN:        It protects you from negative energy.
   MP:        It affects your magic capacity (-9).
Wands
 a - a wand of charming (11)
 b - a wand of polymorph (10)
 v - a wand of mindburst (19)
 z - a wand of iceblast (8)
Scrolls
 d - a scroll of vulnerability {unknown}
 f - 2 scrolls of magic mapping
 h - 5 scrolls of teleportation
 j - 4 scrolls of blinking
 p - 3 scrolls of fog
 r - 3 scrolls of immolation
 s - a scroll of torment
 y - a scroll of acquirement {unknown}
 B - a scroll of summoning {unknown}
 I - a scroll of amnesia {unknown}
Potions
 g - 6 potions of might
 k - 3 potions of resistance
 l - 2 potions of flight
 m - 5 potions of curing
 n - 5 potions of brilliance
 o - 2 potions of magic
 q - a potion of mutation
 C - a potion of attraction {unknown}
 F - 2 potions of invisibility {unknown}
 J - a potion of cancellation {unknown}


   Skills:
 * Level 12.1 Fighting
 - Level 4.0 Armour
 + Level 7.3 Dodging
 - Level 1.2 Stealth
 * Level 12.1 Unarmed Combat


You had 10 spell levels left.
You didn't know any spells.
Your spell library contained the following spells:

 Spells                   Type           Power      Damage    Failure   Level
 Magic Dart               Conj           0%         1d3       34%         1
 Call Imp                 Summ           0%         N/A       47%         2
 Dazzling Flash           Conj/Hex       0%         N/A       71%         3
 Mephitic Cloud           Conj/Pois/Air  0%         N/A       71%         3
 Agony                    Necr           0%         N/A       100%        5
 Silence                  Hex/Air        0%         N/A       100%        5


Dungeon Overview and Level Annotations

Branches:
Dungeon (8/15)             Temple (1/1) D:7           Sewer (visited)
 Bailey (visited)
   Lair: D:8-11

Altars:
Ashenzari
Cheibriados
Dithmenos
Elyvilon
Gozag
Hepliaklqana
Kikubaaqudgha
Makhleb
Nemelex Xobeh
Ru
Sif Muna
Trog
Vehumet
Wu Jian
Xom
Yredelemnul
Zin
The Shining One


Innate Abilities, Weirdness & Mutations

You are completely covered in rugged brown scales. (AC +3, +7% HP)
You have supernaturally acute eyesight. (SInv)
Armour fits poorly on your strangely shaped body.
You can roll at nearby foes to attack.
You have a long armoured tail.
You curl defensively after being hit. (AC +7*)


Message History

You hit bogdani's ghost.
Bogdani's ghost is almost destroyed.
Bogdani's ghost barely misses you. The orc warrior misses you.
The orc hits you with a +0 flail. The orc hits you but does no damage.
The orc closely misses you.
You hit bogdani's ghost but do no damage.
You tail-slap bogdani's ghost!
You destroy bogdani's ghost!
You feel sick.
You are no longer poisoned.
The orc attacks as you move away! The orc barely misses you.
The orc warrior hits you from afar with a +0 halberd!
The orc closely misses you.
Things that are here:
a +0 plate armour; a +0 mace; a +0 mace You punch the orc!
You kill the orc!
The orc warrior hits you but does no damage.
The orc hits you but does no damage.
You punch the orc!
You kill the orc!
The orc warrior misses you. The orc closely misses you.
You punch the orc priest!
You kill the orc priest!
The orc barely misses you.
The orc priest mumbles some strange prayers to Beogh against you.
Beogh smites you!
* * * LOW HITPOINT WARNING * * *
The orc warrior closely misses you.
You hit the orc.
The orc is heavily wounded.
The orc closely misses you.
The orc warrior hits you from afar with a +0 halberd!
* * * LOW HITPOINT WARNING * * *
You closely miss the orc.
The orc is heavily wounded.
You punch the orc!
You kill the orc!
The orc warrior hits you from afar with a +0 halberd!!
You die...

.......#.........#
#≈≈≈~~~~≈~~~~~
######.#.######..#
#≈≈≈≈#.~~..... #.#.#
####..###≈≈≈######..##
#.#.###......##≈≈## ##...
#.......#....)#≈## ####
###.######...)#≈≈
#.........##### #########o#
#@## #######o)########
#.....o.........# #####
#8.............8# ##...#
#######'''#########..#.#
#..........!..#.....#.#
####....#####....#####.##.
#..#.###.....###.# #.##.
#####.##.#8#..8.o#8#.#####.###


You could see an orc warrior, an orc priest and an orc (confused).

Vanquished Creatures
  A boulder beetle (D:8)
  The ghost of bogdani the Cleaver, a novice HOBe of Trog (D:8)
  A two-headed ogre (D:8)
  A centaur warrior (D:8)
  Pikel (D:5)
  An ugly thing (D:8)
  A deep elf pyromancer (D:8)
  Maurice (D:8)
  A gargoyle (Bailey)
  Maggie (D:8)
  Sigmund (D:2)
  A shadow (D:6)
  A vampire (Bailey)
  A wyvern (D:7)
  Edmund (D:5)
  Menkaure (D:6)
  2 steam dragons (D:8)
  A water moccasin (D:7)
  5 orc warriors
  An ogre (D:5)
  2 centaurs
  4 lemures (D:5)
  4 kobold brigands
  2 bullfrogs
  2 scorpions (D:6)
  14 wights
  7 vampire bats (Bailey)
  A howler monkey (D:6)
  9 wolf zombies (Bailey)
  A crimson imp (D:5)
  3 orc priests
  Crazy Yiuf (D:2)
  A hound (D:5)
  A jelly (D:4)
  A gnoll bouda (D:6)
  Jessica (D:2)
  Ijyb (D:5)
  Natasha (twice) (D:2)
  4 iguanas
  9 orc wizards
  10 gnolls
  15 adders
  3 river rats (Sewer)
  A shadow imp (D:7)
  A white imp (D:5)
  2 ufetubi
  6 worms
  2 dart slugs
  35 orcs
  8 ball pythons
  5 endoplasms
  2 giant cockroaches (D:5)
  13 hobgoblins
  2 jackals (Sewer)
  6 quokkas
  5 bats
  2 frilled lizards (Sewer)
  5 goblins
  20 kobolds
  20 orc zombies (Bailey)
  10 rats
  A spectral kobold (D:1)
269 creatures vanquished.

Vanquished Creatures (collateral kills)
  An orc warrior (D:8)
  2 orcs (D:8)
3 creatures vanquished.

Vanquished Creatures (others)
  4 plants (Sewer)
  2 withered plants (D:3)
6 creatures vanquished.

Grand Total: 278 creatures vanquished

Notes
Turn   | Place    | Note
-------+----------+-------------------------------------------
     0 | D:1      | Gabide the Palentonga Monk began the quest for the Orb.
     0 | D:1      | Reached XP level 1. HP: 19/19 MP: 1/1
   464 | D:1      | Reached XP level 2. HP: 20/25 MP: 2/2
   794 | D:1      | Found a faded altar of an unknown god.
  1056 | D:2      | Reached XP level 3. HP: 31/31 MP: 3/3
  1291 | D:2      | Noticed Natasha
  1300 | D:2      | Killed Natasha
  1309 | D:2      | Reached XP level 4. HP: 13/39 MP: 4/4
  1654 | D:2      | Found a runed translucent door.
  1655 | D:2      | Noticed Crazy Yiuf
  1717 | D:2      | Noticed Sigmund
  1740 | D:2      | Killed Sigmund
  1741 | D:2      | Reached XP level 5. HP: 16/46 MP: 5/5
  2564 | D:2      | Noticed Natasha
  2579 | D:2      | Killed Natasha
  2580 | D:2      | Reached XP level 6. HP: 33/53 MP: 6/6
  2584 | D:2      | Noticed Jessica
  2588 | D:2      | Killed Jessica
  2589 | D:2      | Reached skill level 5 in Fighting
  2863 | D:2      | Killed Crazy Yiuf
  2864 | D:2      | Reached skill level 5 in Unarmed Combat
  3769 | D:3      | Found an ancient bone altar of Kikubaaqudgha.
  4402 | D:4      | Gained mutation: You curl defensively after being hit. (AC
                  | +7*) [Palentonga growth]
  4402 | D:4      | Reached XP level 7. HP: 52/59 MP: 7/7
  4866 | D:4      | Found a sacrificial altar of Ru.
  4955 | D:5      | Entered Level 5 of the Dungeon
  5460 | D:5      | Noticed Edmund
  5472 | D:5      | Killed Edmund
  5641 | D:5      | Found a glowing drain.
  5657 | Sewer    | Entered a sewer
  5707 | Sewer    | Reached XP level 8. HP: 67/69 MP: 8/8
  6679 | D:5      | Reached skill level 10 in Fighting
  6679 | D:5      | Reached skill level 10 in Unarmed Combat
  6679 | D:5      | Reached XP level 9. HP: 84/84 MP: 9/9
  6726 | D:5      | Noticed Pikel
  6733 | D:5      | Killed Pikel
  6886 | D:5      | Noticed Ijyb
  6896 | D:5      | Killed Ijyb
  7135 | D:6      | Identified the +1 ring mail of Noon {rPois Str-5 Dex+3}
  7303 | D:6      | Noticed Menkaure
  7305 | D:6      | Killed Menkaure
  7333 | D:6      | Found a glowing silver altar of Zin.
  7346 | D:6      | Reached skill level 1 in Armour
  7362 | D:6      | HP: 2/82 [wight/+4 war axe (13)]
  7916 | D:6      | Found a white marble altar of Elyvilon.
  8535 | D:7      | Reached XP level 10. HP: 92/92 MP: 10/10
  8615 | D:7      | Found a flagged portal.
  8625 | Bailey   | Entered a bailey
  9090 | Bailey   | Noticed a gargoyle
  9094 | Bailey   | Killed a gargoyle
  9244 | Bailey   | Identified the ring "Yzuonine" {rPois rF- rN+ MP-9 Dex+6}
 10078 | D:7      | Found a radiant altar of Vehumet.
 10214 | D:7      | Found a staircase to the Ecumenical Temple.
 10439 | D:7      | Identified the +1 pair of boots of the Sun {Str+5}
 10581 | Temple   | Entered the Ecumenical Temple
 10655 | Temple   | Became a worshipper of Xom of Chaos
 10939 | D:8      | Noticed Maurice
 10946 | D:8      | Killed Maurice
 11113 | D:8      | Noticed a two-headed ogre
 11118 | D:8      | Killed a two-headed ogre
 11382 | D:8      | Found a runed translucent gate.
 11382 | D:8      | Found a runed translucent gate.
 11382 | D:8      | Found a runed translucent gate.
 11385 | D:8      | Noticed bogdani's ghost (novice HOBe)
 11492 | D:8      | Noticed a centaur warrior
 11492 | D:8      | Noticed a boulder beetle
 11492 | D:8      | Noticed a deep elf pyromancer
 11492 | D:8      | Noticed a green ugly thing
 11511 | D:8      | Killed a centaur warrior
 11512 | D:8      | Reached XP level 11. HP: 28/99 MP: 11/11
 11518 | D:8      | Killed a green ugly thing
 11523 | D:8      | Killed a boulder beetle
 11529 | D:8      | Killed a deep elf pyromancer
 11628 | D:8      | XOM: silly message
 11967 | D:8      | XOM: god gift: 6 stones
 12246 | D:8      | XOM: divination: detect creatures
 12397 | D:8      | XOM: cloud trail
 12426 | D:8      | Noticed Maggie
 12427 | D:8      | XOM: summons 10 friendly demons
 12433 | D:8      | Killed Maggie
 13046 | D:8      | XOM: god gift: scroll of immolation
 13250 | D:8      | XOM: summons 3 hostile shadow creatures
 13667 | D:8      | XOM: confuse monster(s)
 13684 | D:8      | XOM: chaos upgrade
 13691 | D:8      | XOM: swap monsters
 13695 | D:8      | Killed bogdani's ghost
 13702 | D:8      | Slain by an orc warrior

Illustrated notes

Levels and vault maps discovered:
D:1:      reono_arrival_mine, layout_basic,
          dreamdust_ecumenical_altar_drowned_temple, serial_bayou_pond_a,
          nicolae_kite_square_tiling_tiny
D:2:      minmay_diamond_boxcup, layout_basic, uniq_natasha, uniq_jessica,
          uniq_sigmund, uniq_crazy_yiuf_cottage
D:3:      layout_rooms, kiku_gazebo_garden_becter
D:4:      layout_rooms, general_overflow_altar
D:5:      layout_cave_pools, gup_sewer_entry_bubbles, minmay_fire_ice_demons,
          uniq_edmund, uniq_ijyb, uniq_pikel
D:6:      layout_gridville, old_standard_altar, elyvilon_altar_1, uniq_menkaure
D:7:      layout_loops_cross, kennysheep_little_box,
          minmay_temple_entry_statues_pillars, enter_bailey_1
D:8:      layout_loops_corners, biasface_ghost_orc_armoury,
          chequers_serial_rivers_large_a, grunt_decor_clamped,
          wad_floor_pattern_untrapped, minmay_radiant, uniq_maurice, uniq_maggie
Temple:   nicolae_temple_god_jail

Skill      XL: |  1  2  3  4  5  6  7  8  9 10 11 |
---------------+----------------------------------+-----
Fighting       | 4 5 6 10 11 12 | 12.1
Dodging        | 3 4 6 7 |  7.3
Unarmed Combat | 4 5 6 10 11 12 | 12.1
Armour         | 1 3 4 |  4.0
Stealth        | |  1.2

Action                   |  1- 3 |  4- 6 |  7- 9 | 10-12 || total
-------------------------+-------+-------+-------+-------++-------
Melee: Unarmed           |    92 |   183 |   327 |   352 ||   954
       Tailslap          |     9 |    15 |    38 |    52 ||   114
       Punch             |     4 |     4 |    18 |    23 ||    49
 Abil: Rolling Charge    |    22 |    29 |    43 |    32 ||   126
Evoke: Wand              |       |       |       |     5 ||     5
  Use: Scroll            |     1 |     4 |     7 |     8 ||    20
       Potion            |       |     1 |     2 |     4 ||     7
 Stab: Confused          |       |       |       |     1 ||     1
Armor: Robe              |    21 |    42 |    57 |    83 ||   203
       Ring mail         |       |       |    21 |    57 ||    78
Dodge: Dodged            |    42 |    83 |   188 |   237 ||   550
